 Dungeon Crawl Stone Soup version 0.20.1-1-g8b1a95d (webtiles) character file.

146 Rzeznik the Shield-Bearer (level 5, -3/52 HPs)
             Began as a Troll Fighter on Sept 4, 2017.
             Slain by a troll (10 damage)
             ... on level 4 of the Dungeon.
             The game lasted 00:25:35 (2458 turns).

Rzeznik the Shield-Bearer (Troll Fighter)           Turns: 2458, Time: 00:25:36

Health: -3/52      AC:  6    Str: 25    XL:     5   Next: 7%
Magic:  1/1        EV:  8    Int:  4    God:
Gold:   128        SH: 10    Dex:  9    Spells: 4/4 levels left

rFire    . . .     SeeInvis .   n - +2 trident (antimagic)
rCold    . . .     Gourm    +   c - +1 shield
rNeg     . . .     Faith    +   b - +0 robe
rPois    .         Spirit   .   (helmet restricted)
rElec    .         Reflect  .   y - +0 cloak
rCorr    .         Harm     .   (gloves unavailable)
MR       .....                  (boots unavailable)
Stlth    +.........             e - amulet of faith
Regen    0.6/turn               C - ring of wizardry
MPRegen  0.1/turn               (no ring)

@: no status effects
A: unfitting armour, claws 3, fast metabolism 3, gourmand, regeneration 1,
shaggy fur 1, tough skin 2
a: no special abilities


You were on level 4 of the Dungeon.
You were very full.

You visited 1 branch of the dungeon, and saw 4 of its levels.

You collected 128 gold pieces.

Inventory:

Hand Weapons
 a - a +0 flail
 n - a +2 antimagic trident (weapon)
 A - a +0 hand crossbow
Missiles
 h - 48 stones (quivered)
 o - 25 bolts
 q - 60 arrows
 r - a throwing net
 t - 23 sling bullets
 x - 3 tomahawks of returning
Armour
 b - a +0 robe (worn)
 c - a +1 shield (worn)
 u - a +0 scale mail
 v - a +0 buckler
 y - a +0 cloak (worn)
Jewellery
 e - an amulet of faith (around neck)
 C - a ring of wizardry (left claw)
Scrolls
 g - a scroll of fear
 w - a scroll of enchant weapon
 B - a scroll of magic mapping {unknown}
Potions
 d - 2 potions of might
 k - a potion of ambrosia
 l - 2 potions of haste
 m - a potion of lignification {unknown}
 s - a potion of mutation {unknown}
 z - a potion of degeneration {unknown}
 D - 2 potions of invisibility {unknown}
 E - a potion of heal wounds {unknown}
Comestibles
 f - 4 bread rations
 i - a chunk of flesh
 p - 2 meat rations


   Skills:
 + Level 2.8 Fighting
 - Level 2.0 Maces & Flails
 * Level 2.4 Polearms
 + Level 2.7 Dodging
 + Level 0.2 Stealth
 + Level 3.1 Shields


You had 4 spell levels left.
You didn't know any spells.

Dungeon Overview and Level Annotations

Branches:
Dungeon (4/15)
 Temple: D:4-7

Altars:


Innate Abilities, Weirdness & Mutations

You are too large for most types of armour.
You have claws for hands.
Your metabolism is lightning-fast.
You like to eat raw meat.
Your natural rate of healing is unusually fast.
You are covered in fur. (AC +1)
You have very tough skin. (AC +2)


Message History

q - 60 arrows (gained 22)
Found a ring mail.
You now have 118 gold pieces (gained 10).
You now have 128 gold pieces (gained 10).
Found 11 gold pieces.
A troll comes into view.
Found 13 stones.
You see here 11 gold pieces.
You block the troll's attack. The troll closely misses you.
You block the troll's attack.
You puncture the troll!
The troll is moderately wounded.
The troll bites you. The troll claws you! You block the troll's attack.
The troll bites you! The troll claws you! The troll claws you.
* * * LOW HITPOINT WARNING * * *
As you read the scroll of fog, it crumbles to dust.
The scroll dissolves into smoke.
The troll bites you!
* * * LOW HITPOINT WARNING * * *
You block the troll's attack. The troll claws you!
You die...

# ## .# .. ..##
######## #. ....#
.#......
..#..#####..(..#
.......#
#.#..§T@§§.....# #.#
#.###§#§###.####
##.###.### #§#
##..<##.[. #.#
##.....#.# #.#
#.>......#####.#
#..............###.#
#..................#
##.....#############


You could see a troll.

Vanquished Creatures
  An orc priest (D:3)
  A bullfrog skeleton (D:3)
  2 adders (D:3)
  An ooze (D:3)
  A worm (D:2)
  A dart slug (D:1)
  A leopard gecko (D:2)
  5 orcs (D:3)
  3 giant cockroaches
  9 hobgoblins
  7 jackals
  3 kobolds
  3 quokkas
  A ball python (D:3)
  3 bats
  5 frilled lizards
  6 rats
  2 plants (D:3)
55 creatures vanquished.

Notes
Turn   | Place    | Note
-------+----------+-------------------------------------------
     0 | D:1      | Rzeznik the Troll Fighter began the quest for the Orb.
     0 | D:1      | Reached XP level 1. HP: 22/22 MP: 0/0
   404 | D:1      | Reached XP level 2. HP: 29/29 MP: 1/1
  1005 | D:2      | Reached XP level 3. HP: 36/36 MP: 0/2
  1756 | D:3      | Reached skill level 1 in Polearms
  1865 | D:3      | Reached skill level 3 in Shields
  1865 | D:3      | Reached XP level 4. HP: 31/44 MP: 1/3
  2104 | D:3      | Reached XP level 5. HP: 52/52 MP: 1/4
  2454 | D:4      | Noticed a troll
  2458 | D:4      | Slain by a troll

Skill      XL: |  1  2  3  4 |
---------------+-------------+-----
Maces & Flails | 2 |  2.0
Polearms       | 1 2 |  2.4
Shields        | 3 |  3.1
Fighting       | |  2.8
Dodging        | |  2.7
Stealth        | |  0.2

Action                   |  1- 3 |  4- 6 || total
-------------------------+-------+-------++-------
Melee: Flail             |    23 |       ||    23
       Trident           |   122 |    42 ||   164
  Use: Scroll            |     4 |     5 ||     9
  Eat: Bread ration      |     2 |       ||     2
       Fruit             |     2 |       ||     2
       Chunk             |    10 |     4 ||    14
       Royal jelly       |     1 |       ||     1
Armor: Robe              |    45 |    13 ||    58
Dodge: Dodged            |    26 |    14 ||    40
Block: Shield            |    59 |    27 ||    86
